 Dungeon Crawl Stone Soup version 0.31-a0-430-gf8416d752b (webtiles) character file.

Game seed: 14373624578003378811

6907 Ethylacetat the Mimic (level 11, 0/69 HPs)
             Began as a Vine Stalker Shapeshifter on July 31, 2023.
             Was an Initiate of Gozag.
             Slain by an orange demon (3 damage)
             ... summoned by a kobold demonologist
             ... on level 9 of the Dungeon.
             The game lasted 00:17:27 (7594 turns).

Ethylacetat the Mimic (Vine Stalker Shapeshifter)   Turns: 7594, Time: 00:17:27

Health: 0/69       AC:  9    Str: 30    XL:     11   Next: 7%
Magic:  0/12       EV: 10    Int:  8    God:    Gozag
Gold:   677        SH:  0    Dex: 18    Spells: 10/10 levels left

rFire   . . .        B - melded +4 dagger (drain)
rCold   . . .        (shield currently unavailable)
rNeg    . . .        D - melded +2 leather armour {rF+}
rPois   +            (helmet currently unavailable)
rElec   .            (cloak currently unavailable)
rCorr   .            (gloves currently unavailable)
SInv    .            (boots currently unavailable)
Will    +....        G - amulet of regeneration
Stlth   ++           l - ring of poison resistance
HPRegen 1.91/turn    w - +6 ring of strength
MPRegen 0.13/turn

%: guardian spirit
@: snake-form, gold aura
A: constrict, boosted hp, large, (fangs 3), regeneration 1, magic shield,
(antimagic bite), no potion heal 2
a: Begin Untransformation, Renounce Religion, Potion Petition, Call Merchant,
Bribe Branch


You were on level 9 of the Dungeon.
You worshipped Gozag.
Gozag was pleased with you.
You were an enormous anaconda.
You visited 2 branches of the dungeon, and saw 10 of its levels.
You also visited: Ossuary.

You collected 761 gold pieces.
You paid 84 gold pieces to Gozag.

Inventory:

Hand Weapons
 B - a +4 dagger of draining (melded)
Missiles
 C - 4 curare-tipped darts (quivered)
Armour
 D - a +2 leather armour of fire resistance (melded)
Jewellery
 l - a ring of poison resistance (left hand)
 w - a +6 ring of strength (right hand)
 G - an amulet of regeneration (around neck)
Talismans
 q - a serpent talisman (active)
Wands
 r - a wand of flame (27)
 x - a wand of quicksilver (2)
 A - a wand of polymorph (6)
 F - a wand of paralysis (8)
Scrolls
 a - a scroll of enchant armour {unknown}
 f - 3 scrolls of vulnerability {unknown}
 g - a scroll of torment {unknown}
 h - 6 scrolls of teleportation {unknown}
 j - 10 scrolls of identify {unknown}
 k - 4 scrolls of blinking {unknown}
 m - a scroll of immolation {unknown}
 p - 2 scrolls of amnesia {unknown}
 v - a scroll of fog {unknown}
 y - 3 scrolls of fear {unknown}
 E - a scroll of noise {unknown}
 I - a scroll of summoning {unknown}
Potions
 b - 3 potions of lignification
 c - a potion of magic {unknown}
 d - 4 potions of mutation {unknown}
 e - 4 potions of brilliance {unknown}
 i - 5 potions of attraction {unknown}
 n - 4 potions of curing {unknown}
 o - 2 potions of might {unknown}
 s - 2 potions of enlightenment {unknown}
 t - 3 potions of invisibility {unknown}
 u - a potion of resistance {unknown}
 z - 2 potions of degeneration {unknown}
 H - a potion of haste {unknown}


   Skills:
 + Level 7.6 Fighting
 - Level 1.7 Dodging
 + Level 8.9 Unarmed Combat
 * Level 10.4 Shapeshifting


You had 10 spell levels left.
You didn't know any spells.
Your spell library contained the following spells:

 Spells                   Type           Power      Damage    Failure   Level
 Apportation              Tloc           0%         N/A       41%         1
 Necrotise                Necr           0%         1d4       41%         1
 Summon Small Mammal      Summ           0%         N/A       41%         1
 Lesser Beckoning         Tloc           0%         N/A       54%         2
 Gell's Gravitas          Tloc           0%         N/A       78%         3
 Stone Arrow              Conj/Erth      0%         3d7       78%         3
 Teleport Other           Tloc           0%         N/A       78%         3
 Volatile Blastmotes      Fire/Tloc      0%         2d10      78%         3
 Animate Armour           Summ/Erth      0%         N/A       99%         4
 Fulminant Prism          Conj/Hex       0%         3d5       99%         4
 Iskenderun's Mystic Bla  Conj/Tloc      0%         2d3       99%         4
 Lehudib's Crystal Spear  Conj/Erth      0%         10d2      100%        8


Dungeon Overview and Level Annotations

Branches:
Dungeon (9/15)             Temple (1/1) D:7         Ossuary (visited)
   Lair: D:8-11         Orc: D:9-12

Altars:
Ashenzari
Cheibriados
Dithmenos
Elyvilon
Fedhas
Gozag
Hepliaklqana
Kikubaaqudgha
Nemelex Xobeh
Okawaru
Ru
Sif Muna
Trog
Uskayaw
Wu Jian
Xom
Yredelemnul
Zin
The Shining One
Ignis


Innate Abilities, Weirdness & Mutations

You are an enormous anaconda.
You have a powerful constriction melee attack.
Your maximum health is increased.
Your armour is entirely melded.
You are incapable of wielding weapons or throwing items.
((You have razor-sharp teeth.))
Your natural rate of healing is unusually fast.
When hurt, damage is shared between your health and your magic reserves.
((Your bite disrupts and absorbs the magic of your enemies.))
Potions cannot restore your health.


Message History

The kobold demonologist mumbles some strange words.
The kobold demonologist closely misses you.
The manticore bites you. The manticore completely misses you.
The manticore claws you!
You hit the kobold demonologist.
The kobold demonologist is almost dead.
You constrict the kobold demonologist.
The kobold demonologist mumbles some strange words. x2
The manticore bites you!!
* * * LOW HITPOINT WARNING * * *
The manticore claws you but does no damage.
The manticore claws you!
* * * LOW HITPOINT WARNING * * *
You hear a shout!
Okay, then.
You body-slam the kobold demonologist!!
You kill the kobold demonologist!
The ynoxinul disappears in a puff of smoke!
The manticore bites you but does no damage.
The manticore barely misses you. The manticore closely misses you.
The kobold hits you but does no damage.
You lash the manticore! Your grab misses the manticore.
The manticore is moderately wounded.
The orange demon stings you.
* * * LOW HITPOINT WARNING * * *
The orange demon hits you.
* * * LOW HITPOINT WARNING * * *
The kobold demonologist looks encouraged for a moment.
The manticore misses you. The manticore claws you.
* * * LOW HITPOINT WARNING * * *
The manticore claws you.
* * * LOW HITPOINT WARNING * * *
The kobold demonologist hits you with a +0 dagger.
* * * LOW HITPOINT WARNING * * *
The kobold barely misses you.
You lash the manticore! You grab the manticore.
The manticore is heavily wounded.
You constrict the manticore. The orange demon stings you.
You die...
Your body crumbles into a pile of gold.

$ ... H........ ........
#..#....##### ###...........
......#.##5K# .##......HKK# ...
......$.ยง4S.# ....
......$.....######...
........)............
##................##
...................#
..##...###.))......# #######
##...###)........#
......###......#)........######
.......#..###..<...............


You could see an orange demon (summoned), a manticore, 2 kobold demonologists,
an iron imp (summoned) and a kobold.

Vanquished Creatures
  A two-headed ogre (D:8)
  An obsidian statue (D:9)
  A gargoyle (D:9)
  Psyche (D:8)
  A kobold demonologist (D:9)
  Grinder (D:5)
  2 hornets
  A wyvern (D:7)
  4 yaks (D:8)
  Menkaure (D:5)
  2 water moccasins
  Duvessa (D:5)
  A sky beast (D:7)
  2 orc warriors
  3 black bears
  An ogre (D:5)
  2 kobold brigands (D:7)
  2 bullfrogs
  Blork the orc (D:4)
  2 elf zombies (Ossuary)
  A gnoll sergeant (D:6)
  3 scorpions
  3 wights (D:9)
  Dowan (D:5)
  4 killer bees (D:7)
  7 howler monkeys
  2 centaur zombies (Ossuary)
  3 orc priests
  Crazy Yiuf (D:7)
  4 hounds
  2 jellies
  3 gnoll boudas
  3 human zombies (Ossuary)
  5 iguanas
  Ijyb (D:4)
  Terence (D:2)
  3 orc wizards (D:8)
  Natasha (thrice) (D:2)
  A hound zombie (Ossuary)
  3 mummies (Ossuary)
  Robin (D:4)
  18 gnolls
  7 adders
  A shadow imp (D:7)
  2 white imps
  2 ufetubi
  3 adder zombies (Ossuary)
  4 worms
  5 dart slugs
  22 orcs
  3 endoplasms
  2 giant cockroaches
  17 goblins
  4 hobgoblins
  4 jackals (D:4)
  3 quokkas
  2 ball pythons
  9 bats
  2 frilled lizards
  A gnoll zombie (Ossuary)
  A goblin zombie (Ossuary)
  5 hobgoblin zombies (Ossuary)
  4 jackal zombies (Ossuary)
  10 kobolds
  4 kobold zombies (Ossuary)
  3 orc zombies (Ossuary)
  6 quokka zombies (Ossuary)
  5 rats
  A rat zombie (Ossuary)
236 creatures vanquished.

Notes
Turn   | Place    | Note
-------+----------+-------------------------------------------
     0 | D:1      | Ethylacetat the Vine Stalker Shapeshifter began the quest
                  | for the Orb.
     0 | D:1      | Reached XP level 1. HP: 9/9 MP: 2/2
    59 | D:1      | Reached skill level 1 in Fighting
   103 | D:1      | Reached XP level 2. HP: 13/14 MP: 3/3
   804 | D:2      | Noticed Natasha
   812 | D:2      | Reached XP level 3. HP: 11/18 MP: 4/4
   818 | D:2      | Killed Natasha
   914 | D:2      | Gained mutation: Your natural rate of healing is unusually
                  | fast. [Vine Stalker growth]
   914 | D:2      | Reached XP level 4. HP: 13/23 MP: 5/5
   926 | D:2      | Noticed Terence
   934 | D:2      | Killed Terence
   952 | D:2      | Noticed Natasha
   958 | D:2      | Killed Natasha
   997 | D:2      | Noticed Natasha
  1003 | D:2      | Killed Natasha
  1004 | D:2      | Reached skill level 4 in Shapeshifting
  1004 | D:2      | Reached XP level 5. HP: 25/26 MP: 6/6
  1969 | D:3      | Reached XP level 6. HP: 30/32 MP: 7/7
  2198 | D:3      | Found a faded altar of an unknown god.
  2629 | D:4      | You fall into a shaft and drop 1 floor!
  2629 | D:5      | Entered Level 5 of the Dungeon
  2629 | D:5      | Found a sparkling altar of Nemelex Xobeh.
  2633 | D:5      | Noticed a black bear
  2636 | D:5      | Found a basalt altar of Yredelemnul.
  2737 | D:5      | Reached skill level 5 in Shapeshifting
  2744 | D:5      | Found a sand-covered staircase.
  2753 | Ossuary  | Entered an ossuary
  2779 | Ossuary  | Reached XP level 7. HP: 35/36 MP: 8/8
  3066 | Ossuary  | Reached skill level 5 in Unarmed Combat
  3323 | D:4      | Noticed Robin
  3323 | D:4      | Noticed Ijyb
  3330 | D:4      | Gained mutation: You have razor-sharp teeth. [Vine Stalker
                  | growth]
  3330 | D:4      | Reached XP level 8. HP: 12/42 MP: 2/9
  3399 | D:4      | Killed Ijyb
  3400 | D:4      | Reached skill level 6 in Shapeshifting
  3405 | D:4      | Killed Robin
  3571 | D:4      | Noticed Blork the orc
  3578 | D:4      | Killed Blork the orc
  3857 | D:5      | Found a blossoming altar of Fedhas.
  3874 | D:5      | Noticed Grinder
  3884 | D:5      | Killed Grinder
  4104 | D:5      | Noticed Duvessa
  4108 | D:5      | Killed Duvessa
  4109 | D:5      | Reached skill level 7 in Shapeshifting
  4109 | D:5      | Noticed Dowan
  4116 | D:5      | Killed Dowan
  4352 | D:5      | Reached skill level 5 in Fighting
  4352 | D:5      | Reached XP level 9. HP: 46/47 MP: 10/10
  4450 | D:5      | Noticed Menkaure
  4455 | D:5      | Killed Menkaure
  4828 | D:6      | Noticed a +0 short sword
  4828 | D:6      | Noticed a +0 dagger
  4829 | D:6      | Noticed a +0 spear
  4832 | D:6      | Noticed a +0 spear
  4833 | D:6      | Noticed a +0 short sword
  4833 | D:6      | Noticed a +0 falchion
  4834 | D:6      | Noticed a +0 dagger
  4834 | D:6      | Noticed a +0 falchion
  4836 | D:6      | Found a hide-covered altar of Uskayaw.
  5354 | D:6      | Reached skill level 8 in Shapeshifting
  5599 | D:7      | Found a staircase to the Ecumenical Temple.
  5607 | Temple   | Entered the Ecumenical Temple
  5618 | Temple   | Became a worshipper of Gozag Ym Sagoz the Greedy
  5792 | D:7      | Found a sacrificial altar of Ru.
  6014 | D:7      | Reached XP level 10. HP: 40/53 MP: 5/11
  6111 | D:7      | Found a runed translucent door.
  6112 | D:7      | Noticed Crazy Yiuf
  6175 | D:7      | Paralysed by a hornet for 2 turns
  6180 | D:7      | Reached skill level 9 in Shapeshifting
  6275 | D:7      | Killed Crazy Yiuf
  6410 | D:8      | Noticed a two-headed ogre
  6423 | D:8      | Killed a two-headed ogre
  6559 | D:8      | Noticed Psyche
  6563 | D:8      | Killed Psyche
  6879 | D:8      | Found a broken altar of Ashenzari.
  6993 | D:8      | Found an iron altar of Okawaru.
  7424 | D:9      | Noticed a gargoyle
  7430 | D:9      | Killed a gargoyle
  7469 | D:9      | Noticed an obsidian statue
  7475 | D:9      | Killed an obsidian statue
  7476 | D:9      | Reached skill level 10 in Shapeshifting
  7539 | D:9      | Reached XP level 11. HP: 58/58 MP: 8/12
  7552 | D:9      | Noticed a manticore
  7593 | D:9      | HP: 2/69 [manticore (5)]
  7594 | D:9      | Slain by an orange demon

Illustrated notes

Levels and vault maps discovered:
D:1:      pf_arrival_petrified_forest, layout_basic, minmay_tree_intersection,
          serial_park_tiny_1, skrybe_limestone_x
D:2:      layout_basic, uniq_natasha, uniq_terence
D:3:      layout_loops_corners, basic_ecumenical_altar
D:4:      layout_cave_pools, uniq_blork_the_orc, uniq_robin, uniq_ijyb
D:5:      black_bear_nest_1, layout_basic, mainiacjoe_overflow_small_starburst,
          mainiacjoe_overflow_paths, yredelemnul_altar_generic,
          nicolae_ossuary_entry_monument, uniq_grinder, uniq_menkaure,
          uniq_duvessa
D:6:      layout_basic, nicolae_uskayaw_en_pointe
D:7:      layout_rooms, old_standard_altar, minmay_temple_entry_hall,
          uniq_crazy_yiuf_cottage
D:8:      layout_basic, mainiacjoe_overflow_catch_the_wave, uniq_psyche
D:9:      layout_rooms, bloody_makhleb, special_room [special_room_bee],
          minivault_16
Temple:   pdpol_scorched_temple

Skill      XL: |  1  2  3  4  5  6  7  8  9 10 |
---------------+-------------------------------+-----
Fighting       | 1 2 3 5 6 7 |  7.6
Shapeshifting  | 4 5 7 8 10 | 10.4
Unarmed Combat | 4 5 6 7 8 |  8.9
Dodging        | |  1.7

Action                     |  1- 3 |  4- 6 |  7- 9 | 10-12 || total
---------------------------+-------+-------+-------+-------++-------
  Melee: Unarmed           |    51 |   104 |   319 |    91 ||   565
         Bite              |     8 |    28 |    66 |       ||   102
         Punch             |       |     3 |     7 |       ||    10
         Constrict         |       |       |    34 |    24 ||    58
  Evoke: Wand              |       |       |       |     6 ||     6
   Stab: Sleeping          |       |     5 |     2 |       ||     7
         Distracted        |       |       |     1 |     1 ||     2
 Armour: Animal skin       |     4 |    15 |    21 |       ||    40
         Skin              |       |       |    39 |    23 ||    62
  Dodge: Dodged            |    30 |    57 |   153 |    35 ||   275
   Form: Anaconda          |       |       |     2 |       ||     2
                           |       |       |     1 |       ||     1

Table legend: (Time is in decaauts)
 A = Elapsed time spent in this place.
 B = Non-inter-level travel time spent in this place.
 C = Inter-level travel time spent in this place.
 D = Time resting spent in this place.
 E = Time spent auto-exploring this place.
 F = Levels seen in this place.
 G = Mean time per level.
                   A        B        C        D        E       F      G
               +--------+--------+--------+--------+--------+-----+--------+
         Total |   7549 |   7279 |    270 |    171 |   5634 |  11 |  686.3 |
       Dungeon |   7145 |   6886 |    259 |    158 |   5468 |   9 |  793.9 |
        Temple |     49 |     38 |     11 |      0 |      0 |   1 |   49.0 |
       Ossuary |    355 |    355 |      0 |     13 |    166 |   1 |  355.0 |
               +--------+--------+--------+--------+--------+-----+--------+

Top non-repeatable levels by time:
     D:5: 1079 daAuts
     D:8: 1068 daAuts
     D:6: 965 daAuts
     D:3: 883 daAuts
     D:2: 851 daAuts
     D:7: 768 daAuts
     D:1: 761 daAuts
     D:4: 602 daAuts
 Ossuary: 355 daAuts
     D:9: 165 daAuts
  Temple: 49 daAuts
